 Dungeon Crawl Stone Soup version 0.29.1-1-gd02db6906a (webtiles) character file.

Game seed: 4086776716058334852

23 SINSOJ the Trooper (level 2, -1/27 HPs)
             Began as a Minotaur Berserker on Oct 18, 2022.
             Was a Follower of Trog.
             Slain by an adder (2 damage)
             ... on level 2 of the Dungeon.
             The game lasted 00:01:55 (1252 turns).

SINSOJ the Trooper (Minotaur Berserker)             Turns: 1252, Time: 00:01:56

Health: -1/27      AC:  2    Str: 21    XL:     2   Next: 72%
Magic:  1/1        EV: 12    Int:  4    God:    Trog [*.....]
Gold:   24         SH:  0    Dex:  9    Spells: 1/1 levels left

rFire   . . .      SeeInvis .   a - +0 mace
rCold   . . .      Faith    .   (no shield)
rNeg    . . .      Spirit   .   b - +0 animal skin
rPois   .          Reflect  .   (helmet restricted)
rElec   .          Harm     .   (no cloak)
rCorr   .          Rampage  .   (no gloves)
Will    .....                   (no boots)
Stlth   +.........              (no amulet)
HPRegen 0.09/turn               (no ring)
MPRegen 0.07/turn               (no ring)

@: lethally poisoned (-1 -> -6)
A: horns 2, retaliatory headbutt
a: Renounce Religion, Berserk


You were on level 2 of the Dungeon.
You worshipped Trog.
Trog was aware of your devotion.
You visited 1 branch of the dungeon, and saw 2 of its levels.

You collected 24 gold pieces.

Inventory:

Hand Weapons
 a - a +0 mace (weapon)
Armour
 b - a +0 animal skin (worn)
Scrolls
 d - a scroll of vulnerability {unknown}
 e - 2 scrolls of teleportation {unknown}
 g - a scroll of immolation {unknown}
Potions
 c - a potion of haste {unknown}
 f - 2 potions of curing {unknown}
 h - a potion of ambrosia {unknown}
 i - a potion of heal wounds {unknown}


   Skills:
 + Level 4.3 Fighting
 + Level 4.1 Maces & Flails
 + Level 2.5 Armour
 + Level 2.3 Dodging


You had one spell level left.
You didn't know any spells.
Your spell library was empty.

Dungeon Overview and Level Annotations

Branches:
Dungeon (2/15)

Altars:

Shops:
D:1 ?


Innate Abilities, Weirdness & Mutations

You have a pair of horns on your head.
You reflexively headbutt those who attack you in melee.


Message History

The endoplasm freezes you.
You are frozen.
You sock the endoplasm!
You kill the endoplasm!
Trog accepts your kill.
A goblin comes into view. It is wielding a +0 dagger.
Found 15 gold pieces.
Found a sapphire potion.
The goblin shouts!
The goblin hits you with a +0 dagger. The goblin misses you.
An adder comes into view.
The adder hisses angrily.
The goblin closely misses you. You furiously retaliate!
You headbutt the goblin.
You kill the goblin!
Trog accepts your kill.
You see here 15 gold pieces.
You see here a sapphire potion.
The adder bites you.
You are poisoned.
The adder poisons you! The adder bites you.
You see here a sapphire potion.
You barely miss the adder.
You feel sick. The adder bites you.
You are lethally poisoned!
The adder poisons you!
You miss the adder.
* * * LOW HITPOINT WARNING * * *
You feel very sick. The adder closely misses you. The adder bites you.
* * * LOW HITPOINT WARNING * * *
You barely miss the adder.
* * * LOW HITPOINT WARNING * * *
You feel very sick. The adder barely misses you.
You thump the adder!
The adder is almost dead.
* * * LOW HITPOINT WARNING * * *
You feel sick. The adder bites you.
You die...

. #.....#...... ## ..
##..)....##..# .## #.
#.....######.##...
#.####.....#####†.._...
#.#.................###
#####......#...#######.<#
.............#..... #...#
##......)#####..... #.#.#
#..$....S@.......) #.#...
#.....##.#####.....
...### #.#......#
#.....###<. #...#...##
....... ..# ###.#... ..
#..... ...... ......


You could see an adder.

Vanquished Creatures
  A dart slug (D:1)
  A bat (D:1)
  3 endoplasms
  A giant cockroach (D:2)
  2 goblins (D:2)
  3 hobgoblins (D:1)
  4 jackals (D:1)
  A kobold (D:1)
  A rat (D:1)
17 creatures vanquished.

Notes
Turn   | Place    | Note
-------+----------+-------------------------------------------
     0 | D:1      | SINSOJ the Minotaur Berserker began the quest for the Orb.
     0 | D:1      | Reached XP level 1. HP: 19/19 MP: 0/0
   513 | D:1      | Reached XP level 2. HP: 21/27 MP: 1/1
  1096 | D:1      | Found Cechiol's Magic Scroll Boutique.
  1209 | D:2      | Found a faded altar of an unknown god.
  1252 | D:2      | HP: 1/27 [poisoned by an adder]
  1252 | D:2      | Slain by an adder

Illustrated notes

Levels and vault maps discovered:
D:1:      grunt_arrival_crossed_arrows, layout_basic, serial_shops,
          nicolae_diamond_shop
D:2:      layout_rooms, basic_ecumenical_altar

Skill      XL: |  1  2 |
---------------+-------+-----
Maces & Flails | 4 |  4.1
Fighting       | 4 |  4.3
Armour         | |  2.5
Dodging        | |  2.3

Action                   || total
-------------------------++-------
Melee: Mace              ||    31
       Headbutt          ||     6
Armor: Animal skin       ||     8
Dodge: Dodged            ||    31
